 Dungeon Crawl Stone Soup version 0.14-a0-1007-gacdcbbe (webtiles) character file.

57670 4tharraofdagon the Severer (level 14, -6/186 HPs)
             Began as a Minotaur Fighter on Nov 22, 2013.
             Was the Champion of Makhleb.
             Mangled by a large abomination (24 damage)
             ... created by a deep elf priest
             ... on Level 3 of the Elven Halls on Nov 23, 2013.
             The game lasted 01:18:08 (8983 turns).

4tharraofdagon the Severer (Minotaur Fighter)       Turns: 8983, Time: 01:18:09

HP  -6/186       AC 25     Str 32      XL: 14   Next: 43%
MP   7/7         EV 10     Int  5      God: Makhleb [******]
Gold 863         SH  0     Dex  9      Spells:  5 memorised,  7 levels left

Res.Fire  : + . .   See Invis. : .   P - +3,+4 battleaxe (antimagic)
Res.Cold  : . . .   Warding    : +   F - +6 scale mail of Servitude {+Rage rF+ Acc+4}
Life Prot.: + . .   Conserve   : .   (no shield)
Res.Poison: +       Res.Corr.  : .   N - +0 wizard hat
Res.Elec. : +       Clarity    : .   U - +0 cloak (curse)
Sust.Abil.: . .     Spirit.Shd : .   H - +0 pair of dwarf gauntlets
Res.Mut.  : .       Stasis     : .   S - +0 pair of boots {run}
Res.Rott. : .       Flight     : .   L - cursed amulet of warding
Saprovore : . . .                    M - ring "Xif Avaz" {Wiz rElec rPois Stlth+}
                                     r - +5 ring of protection

@: berserking, very quick, somewhat resistant to hostile enchantments, extremely
unstealthy
A: retaliatory headbutt, horns 2, wild magic 1
a: Minor Destruction, Lesser Servant of Makhleb, Major Destruction, Greater
Servant of Makhleb, Renounce Religion, Evoke Berserk Rage


You were on level 3 of the Elven Halls.
You worshipped Makhleb.
Makhleb was exalted by your worship.
You were not hungry.

You visited 4 branches of the dungeon, and saw 27 of its levels.
You visited the Abyss 2 times.
You also visited: Labyrinth and Sewer.

You collected 1748 gold pieces.
You spent 885 gold pieces at shops.

Inventory:

Hand weapons
 f - a +0,+1 orcish broad axe
 i - the +3,+3 Elemental Staff {rElec rF++ rC++ MR++ AC+5}
   (You took it off a deep elf demonologist on level 3 of the Elven Halls)

   It affects your AC (+5).
   It greatly protects you from fire.
   It greatly protects you from cold.
   It insulates you from electricity.
   It affects your resistance to hostile enchantments.
 w - a +0 blowgun
 P - a +3,+4 anti-magic battleaxe (weapon)
Missiles
 T - 2 tomahawks of returning (quivered)
Armour
 n - the +3 shield "Zoloplay" {rElec Dam+3}
   (You found it on level 11 of the Dungeon)

   It affects your damage-dealing abilities (+3).
   It insulates you from electricity.
 F - the +6 scale mail of Servitude (worn) {+Rage rF+ Acc+4}
   (You found it on level 8 of the Dungeon)

   It affects your accuracy (+4).
   It protects you from fire.
   It lets you go berserk.
 H - a +0 pair of dwarven gauntlets (worn)
 J - a +0 cloak
 N - a +0 wizard hat (worn)
 S - a +0 pair of boots of running (worn)
 U - a cursed +0 cloak (worn)
Magical devices
 a - a wand of polymorph (9)
 h - a wand of disintegration (3)
 u - a wand of fire (3)
 A - a wand of frost (11)
 I - a wand of enslavement (13)
 Q - a wand of slowing (11)
 X - a wand of paralysis (15)
 Y - a wand of draining (5)
Comestibles
 d - 6 bread rations
 C - 8 meat rations
 Z - a snozzcumber
Scrolls
 g - 4 scrolls of remove curse
 o - 3 scrolls of identify
 y - a scroll of recharging
 z - 7 scrolls of teleportation
 E - a scroll of immolation
 V - 2 scrolls of fog
Jewellery
 c - an uncursed ring of positive energy
 e - a +2 ring of strength
 m - an uncursed amulet of stasis
 p - an uncursed ring of sustain abilities
 r - a +5 ring of protection (left hand)
 B - an uncursed amulet of guardian spirit
 K - an uncursed ring of invisibility
 L - a cursed amulet of warding (around neck)
 M - the ring "Xif Avaz" (right hand) {Wiz rElec rPois Stlth+}
   (You found it on level 3 of the Lair of Beasts)

   [ring of wizardry]

   It insulates you from electricity.
   It protects you from poison.
   It makes you much more stealthy.
 W - a +4 ring of evasion
Potions
 b - 2 potions of flight {unknown}
 j - a potion of heal wounds
 k - a potion of berserk rage {unknown}
 q - 6 potions of curing
 s - a potion of might
 v - a potion of agility
 G - a potion of speed
 O - a potion of magic
 R - a potion of brilliance
Miscellaneous
 t - a lamp of fire
 x - a fan of gales


   Skills:
 + Level 13.5 Fighting
 * Level 17.5 Axes
 + Level 13.3 Armour
   Level 3.6 Shields
 - Level 4.0 Spellcasting
 - Level 4.2 Charms
 - Level 3.3 Invocations
 - Level 9.4 Evocations


You had 7 spell levels left.
You knew the following spells:

 Your Spells              Type           Power        Failure   Level  Hunger
a - Regeneration          Chrm/Necr      #.........   36%         3    ####...
b - Repel Missiles        Chrm/Air       #.........   17%         2    ###....
c - Flight                Chrm/Air       #.........   36%         3    ####...
d - Control Teleport      Chrm/Tloc      #.........   87%         4    #####..
e - Shroud of Golubria    Chrm/Tloc      #.........   17%         2    ###....


Dungeon Overview and Level Annotations

Branches:
Dungeon (12/16)               Orc (4/4) D:10            Elf (3/3) Orc:3
   Lair (8/8) D:9           Slime (0/6) Lair:7
 Temple: D:4-7        Swamp: Lair:3-6    Shoals: Lair:3-6     Snake: Lair:3-6
 Spider: Lair:3-6

Altars:
Ashenzari
Fedhas
Makhleb
Okawaru
Yredelemnul
Zin
the Shining One

Shops:
D:5 (   Orc:1 }   Orc:3 %   Orc:4 }?[   Elf:1 ?

Annotations:
D:7 exclusion: upstairs
Lair:5 SWAMP+SPIDER


Innate Abilities, Weirdness & Mutations

You reflexively headbutt those who attack you in melee.
You have a pair of horns on your head.
Your spells are a little harder to cast, but a little more powerful.


Message History

You feel yourself moving faster!
You feel mighty! The large abomination hits you!
* * * LOW HITPOINT WARNING * * *
Unknown command.
You completely miss the large abomination.
Your headbutt misses the large abomination.
The large abomination is moderately damaged.
You slash the large abomination!
The large abomination is moderately damaged.
The large abomination hits you but does no damage.
You hit the large abomination.
The large abomination is moderately damaged.
You slice the large abomination!!
The large abomination is severely damaged.
The large abomination hits you!
* * * LOW HITPOINT WARNING * * *
You miss the large abomination.
The large abomination is severely damaged.
The large abomination hits you!
You die...

... ... ... e.. #.#
#e# ###.# ##@#.#
#X##.# ##.#.# ##e.#
#.e# ######## #.##
#......# #.#
#......######.###
#...............######


You could see a large abomination.

Vanquished Creatures
  A deep elf blademaster (Elf:3)
  A deep elf sorcerer (Elf:3)
  A deep elf demonologist (Elf:3)
  3 deep elf annihilators (Elf:3)
  2 deep elf death magi (Elf:3)
  A minotaur (Lab)
  2 deep elf high priests (Elf:3)
  Harold (D:12)
  Josephine (D:10)
  Nessos (Orc:4)
  An orc high priest (Orc:4)
  4 deep elf knights
  Erolcha (Orc:4)
  2 orc knights (Orc:4)
  A cyclops (D:12)
  4 deep elf conjurers
  5 hill giants
  2 orc sorcerers
  A hellion (Abyss:1)
  A guardian serpent (D:11)
  3 black mambas
  A feature mimic (Orc:4)
  21 spiny frogs
  5 deep elf summoners (Elf:3)
  A mermaid (Lair:8)
  A fire drake (Lair:6)
  A komodo dragon (Lair:4)
  A hydra zombie (D:10)
  A blue devil (Elf:3)
  3 trolls
  2 giant leeches (Lair:8)
  2 deep elf priests (Elf:3)
  9 blink frogs (Lair:8)
  2 basilisks
  4 sharks
  A wraith (D:12)
  A neqoxec (Orc:3)
  6 hippogriffs
  13 deep elf fighters
  Grum (D:10)
  6 deep elf magi
  6 wolves
  20 yaks
  9 vampire mosquitoes
  A manticore (D:12)
  2 hungry ghosts
  A yellow wasp (D:9)
  A sky beast (D:12)
  A porcupine (Lair:2)
  22 orc warriors
  6 giant goldfish
  2 phantoms
  13 centaurs
  2 black bears (D:9)
  3 ice beasts
  2 wargs
  9 crocodiles
  A big kobold (D:11)
  11 ogres
  3 giant slugs
  22 giant frogs
  3 agate snails
  A wyvern skeleton (D:11)
  6 water moccasins
  4 jellyfish
  A yak zombie (D:10)
  A lava fish (Lair:6)
  3 killer bees (D:11)
  6 electric eels
  A yak skeleton (D:10)
  4 crimson imps
  2 jellies
  4 hounds
  2 quasits
  3 big fish
  A two-headed ogre zombie (D:10)
  A centaur skeleton (D:5)
  9 iguanas
  3 worker ants
  17 orc wizards
  11 orc priests
  6 scorpions
  A killer bee zombie (D:12)
  An orange rat (Elf:3)
  11 sheep
  A mottled dragon skeleton (D:10)
  Ijyb (D:7)
  A hound zombie (D:6)
  A hound skeleton (D:10)
  A mummy (D:11)
  19 adders
  5 giant centipedes
  16 green rats
  4 gnolls (D:6)
  A giant mite (D:6)
  A goliath beetle zombie (D:5)
  4 worms
  An iguana zombie (D:7)
  2 giant eyeballs
  A giant gecko (D:7)
  2 oozes
  117 orcs
  12 bats
  A giant cockroach (D:6)
  10 grey rats (Sewer)
  11 hobgoblins
  2 quokkas
  3 ball pythons
  10 giant newts
  9 goblins
  A hobgoblin zombie (D:5)
  4 jackals (D:2)
  A jackal skeleton (D:5)
  7 kobolds
  A kobold zombie (D:5)
  An orc zombie (D:10)
  A quokka zombie (D:6)
  17 rats
  3 fungi
  6 plants (Lair:8)
638 creatures vanquished.

Vanquished Creatures (others)
  A deep elf knight (Elf:1)
  2 deep elf fighters
  A water moccasin (Lair:3)
  2 orcs (Orc:4)
  3 fungi (Lair:8)
  2 plants (Lair:8)
11 creatures vanquished.

Grand Total: 649 creatures vanquished

Notes
Turn   | Place    | Note
--------------------------------------------------------------
     0 | D:1      | 4tharraofdagon, the Minotaur Fighter, began the quest for the Orb.
     0 | D:1      | Reached XP level 1. HP: 19/19 MP: 0/0
   136 | D:2      | Found a blossoming altar of Fedhas.
   146 | D:2      | Reached XP level 2. HP: 21/26 MP: 0/0
   190 | D:2      | Reached skill level 4 in Fighting
   262 | D:3      | Reached XP level 3. HP: 31/33 MP: 1/1
   398 | D:4      | Reached XP level 4. HP: 10/40 MP: 1/1
   426 | D:4      | HP: 2/40 [poisoned by a kobold]
   432 | D:4      | HP: 1/40 [poisoned by a kobold]
   494 | D:5      | Entered Level 5 of the Dungeon
   495 | D:5      | Found Fiotiy's Weapon Shoppe.
   608 | D:4      | Noticed an ogre
   720 | D:6      | Reached XP level 5. HP: 41/46 MP: 1/1
   729 | D:6      | Noticed an ogre
   729 | D:6      | Reached skill level 5 in Axes
   776 | D:6      | Noticed a phantom
   832 | D:6      | Killed a phantom
   832 | D:6      | Reached skill level 5 in Fighting
   832 | D:6      | Reached skill level 5 in Armour
   832 | D:6      | Reached XP level 6. HP: 24/53 MP: 2/2
   964 | D:5      | Found a basalt altar of Yredelemnul.
   995 | D:5      | Reached skill level 6 in Axes
  1066 | D:5      | Found a glowing golden altar of the Shining One.
  1173 | D:5      | Found an iron altar of Okawaru.
  1181 | D:5      | Noticed a centaur
  1188 | D:5      | Killed a centaur
  1259 | D:5      | Found a burning altar of Makhleb.
  1266 | D:5      | Became a worshipper of Makhleb the Destroyer
  1364 | D:6      | Found a glowing drain.
  1392 | D:6      | Reached XP level 7. HP: 50/60 MP: 2/2
  1400 | Sewer    | Entered a sewer
  1481 | Sewer    | Acquired Makhleb's first power
  1749 | D:6      | Noticed a centaur
  1749 | D:6      | Noticed a centaur
  1750 | D:6      | Noticed an ogre
  1806 | D:7      | Acquired Makhleb's second power
  1806 | D:7      | Reached skill level 1 in Evocations
  1826 | D:7      | Reached skill level 7 in Axes
  1927 | D:7      | Reached skill level 1 in Invocations
  1953 | D:7      | Noticed Ijyb
  1960 | D:7      | Killed Ijyb
  2061 | D:6      | Noticed an ice beast
  2070 | D:6      | Reached XP level 8. HP: 45/69 MP: 4/4
  2072 | D:6      | Killed an ice beast
  2072 | D:6      | Reached skill level 8 in Axes
  2270 | D:8      | Got a brightly glowing scale mail
  2290 | D:8      | Identified the +6 scale mail of Servitude {+Rage rF+ Acc+4} (You found it on level 8 of the Dungeon)
  2300 | D:8      | Reached skill level 9 in Axes
  2375 | D:8      | Acquired Makhleb's third power
  2559 | D:8      | Found a glowing silver altar of Zin.
  2627 | D:9      | Reached XP level 9. HP: 77/77 MP: 8/8
  2730 | D:9      | Reached skill level 10 in Axes
  2785 | D:9      | Found a shattered altar of Ashenzari.
  2821 | D:9      | Acquired Makhleb's fourth power
  2897 | D:9      | Reached skill level 11 in Axes
  2952 | D:6      | Killed an ogre
  2994 | D:5      | Bought a +2,+1 anti-magic battleaxe for 181 gold pieces
  3093 | D:4      | Gained mutation: Your spells are a little harder to cast, but a little more powerful. [potion of beneficial mutation]
  3168 | D:9      | Found a staircase to the Lair.
  3173 | D:9      | Reached XP level 10. HP: 85/85 MP: 3/11
  3179 | D:9      | Reached skill level 5 in Evocations
  3192 | Lair:1   | Entered Level 1 of the Lair of Beasts
  3413 | Lair:3   | Acquired Makhleb's fifth power
  3505 | Lair:3   | Reached skill level 12 in Axes
  3510 | Lair:3   | Got a fine platinum ring
  3790 | Lair:5   | Noticed a black mamba
  3798 | Lair:5   | Killed a black mamba
  3845 | Lair:5   | Found a labyrinth entrance.
  3986 | Lair:5   | Reached XP level 11. HP: 94/94 MP: 4/14
  4010 | Lair:5   | Noticed a black mamba
  4022 | Lair:5   | Killed a black mamba
  4022 | Lair:5   | Reached skill level 10 in Fighting
  4067 | Lab      | Entered a labyrinth
  4189 | Lab      | Noticed a minotaur
  4198 | Lab      | Killed a minotaur
  4198 | Lab      | Reached skill level 13 in Axes
  4198 | Lab      | Reached skill level 10 in Armour
  4208 | Lab      | Identified the Compendium of Quantum Boosts (You found it in a labyrinth)
  4214 | Lab      | Identified a +0 pair of boots of running (You found it in a labyrinth)
  4237 | Lab      | Identified the ring "Xif Avaz" {Wiz rElec rPois Stlth+} (You found it on level 3 of the Lair of Beasts)
  4262 | Lair:5   | Learned a level 3 spell: Regeneration
  4298 | Lair:6   | Learned a level 2 spell: Repel Missiles
  4446 | Lair:6   | Noticed a salamander
  4491 | Lair:7   | Noticed an eight-headed hydra
  4504 | Lair:8   | Entered Level 8 of the Lair of Beasts
  4549 | Lair:7   | Found a staircase to the Slime Pits.
  4549 | Lair:7   | Noticed a giant amoeba
  4615 | Lair:8   | Reached skill level 1 in Spellcasting
  4682 | Lair:8   | Ladykiller69: look whos at it again
  4693 | Lair:7   | Ladykiller69: enjoying yourself mr 4th?
  4707 | Lair:7   | 4tharraofdagon: barelly
  4841 | Lair:8   | Reached skill level 14 in Axes
  4867 | Lair:8   | Reached skill level 1 in Charms
  4876 | Lair:8   | Ladykiller69: why axes if you disint the walls anyway
  4951 | Lair:8   | Reached XP level 12. HP: 63/104 MP: 6/18
  4977 | Lair:8   | Ladykiller69: also do you do xom speedruns?
  5035 | Lair:8   | 4tharraofdagon: xomicides
  5035 | Lair:8   | 4tharraofdagon: are fun
  5098 | Lair:8   | Ladykiller69: demigods?
  5657 | Lair:1   | bmfx: qw has won. crawl is officially solved :)
  5670 | Lair:1   | Noticed a four-headed hydra
  5677 | Lair:1   | bmfx: (qw is a bot)
  5690 | Lair:1   | Vidiiot: I thought a bot beat crawl ages ago
  5690 | Lair:1   | Vidiiot: With a FeBe
  5690 | Lair:1   | Vidiiot: =p
  5690 | Lair:1   | 4tharraofdagon: qw o
  5690 | Lair:1   | 4tharraofdagon: what time
  5690 | Lair:1   | bmfx: 45 minutes due to throttling
  5690 | Lair:1   | Vidiiot: Oh wow.
  5690 | Lair:1   | 4tharraofdagon: n1
  5693 | Lair:1   | bmfx: elliptic said it can win in under 10 minutes offline
  5733 | Lair:1   | bmfx: vidiiot: that's first unassisted win
  5749 | Lair:1   | Vidiiot: :o
  5752 | Lair:1   | Vidiiot: Nice.
  5778 | Lair:1   | bmfx: previous bot wins (including that febe) required human intervention
  5847 | D:10     | Entered Level 10 of the Dungeon
  5848 | D:10     | Noticed Josephine
  5868 | D:10     | Vidiiot: o
  5869 | D:10     | Killed Josephine
  5869 | D:10     | Reached skill level 15 in Axes
  6015 | D:11     | Vidiiot:
 56213 | Depths:6 | Ladykiller69: I like qw :)
  6016 | D:11     | Got a slimy shield
  6303 | D:12     | Reached XP level 13. HP: 93/113 MP: 7/21
  6322 | D:12     | Noticed Harold
  6332 | D:12     | Killed Harold
  6501 | D:11     | Learned a level 3 spell: Flight
  6506 | D:11     | Learned a level 4 spell: Control Teleport
  6589 | D:11     | Learned a level 2 spell: Shroud of Golubria
  6740 | D:10     | Paralysed by a giant eyeball for 2 turns
  6765 | D:10     | Noticed Grum
  6771 | D:10     | Killed Grum
  6779 | D:10     | Found a staircase to the Orcish Mines.
  6783 | Orc:1    | Entered Level 1 of the Orcish Mines
  6783 | Orc:1    | Found Shasyj's Gadget Emporium.
  7072 | Orc:3    | Found a staircase to the Elven Halls.
  7097 | Orc:4    | Entered Level 4 of the Orcish Mines
  7098 | Orc:4    | Noticed Nessos
  7141 | Orc:3    | Found Khyrgh's Food Emporium.
  7671 | Orc:4    | Killed Nessos
  7729 | Orc:4    | Found Phaozof's Magic Scroll Shop.
  7729 | Orc:4    | Found Brorch's Armour Shoppe.
  7740 | Orc:4    | Found Ybule's Gadget Boutique.
  7742 | Orc:4    | Found Revumon's Magical Wand Emporium.
  7744 | Orc:4    | Revumon's Magical Wand Emporium was a mimic.
  7751 | Orc:4    | Ladykiller69: oh my
  7751 | Orc:4    | Ladykiller69: running
  7753 | Orc:4    | Ladykiller69: running is good
  7753 | Orc:4    | 4tharraofdagon: i dont like it
  7753 | Orc:4    | Ladykiller69: why?
  7753 | Orc:4    | Bought a scroll of blinking for 88 gold pieces
  7753 | Orc:4    | Bought a scroll of enchant weapon II for 88 gold pieces
  7753 | Orc:4    | Bought a scroll of teleportation for 48 gold pieces
  7753 | Orc:4    | Bought a scroll of enchant weapon II for 88 gold pieces
  7753 | Orc:4    | Bought a scroll of teleportation for 48 gold pieces
  7753 | Orc:4    | Bought a scroll of fog for 32 gold pieces
  7753 | Orc:4    | Bought a scroll of remove curse for 48 gold pieces
  7754 | Orc:4    | Ladykiller69: it lowers your turncount!
  7860 | Orc:4    | Reached skill level 16 in Axes
  7875 | Orc:4    | Noticed Erolcha
  7876 | Orc:4    | Paralysed by an orc sorcerer for 5 turns
  7880 | Orc:4    | Cast into the Abyss (Erolcha)
  7905 | Abyss:1  | Ladykiller69: there have been worse abyss times
  7931 | Orc:4    | Escaped the Abyss
  7948 | Orc:4    | Killed Erolcha
  7971 | Orc:4    | 4tharraofdagon: ye
  8125 | Orc:3    | Cast into the Abyss (orc)
  8126 | Abyss:1  | Vidiiot: :/
  8141 | Abyss:1  | Found a corrupted altar of Lugonu.
  8153 | Abyss:1  | Ladykiller69: though you may get fucked
  8157 | Orc:3    | Escaped the Abyss
  8160 | Orc:3    | Ladykiller69: and find an OoF like I once did
  8162 | Orc:3    | Ladykiller69: gosh I hate abyss
  8167 | Orc:3    | 4tharraofdagon: i expect few more in elves
  8172 | Orc:3    | Bought a bread ration for 44 gold pieces
  8172 | Orc:3    | Bought a bread ration for 44 gold pieces
  8172 | Orc:3    | Bought a meat ration for 44 gold pieces
  8172 | Orc:3    | Bought a bread ration for 44 gold pieces
  8172 | Orc:3    | Bought a meat ration for 44 gold pieces
  8172 | Orc:3    | Bought a meat ration for 44 gold pieces
  8192 | Elf:1    | Entered Level 1 of the Elven Halls
  8271 | Elf:1    | Found Qylausch's Magic Scroll Boutique.
  8285 | Elf:3    | Entered Level 3 of the Elven Halls
  8320 | Elf:3    | Identified the +3 shield "Zoloplay" {rElec Dam+3} (You found it on level 11 of the Dungeon)
  8452 | Elf:3    | Yermak: So you're relly intending to cast haste?
  8489 | Elf:3    | Reached XP level 14. HP: 112/123 MP: 7/22
  8505 | Elf:3    | 4tharraofdagon: ye
  8556 | Elf:3    | Ladykiller69: hes got a hat now
  8563 | Elf:3    | Ladykiller69: the rest is pure formalities
  8801 | Elf:3    | Noticed a deep elf annihilator
  8806 | Elf:3    | Killed a deep elf annihilator
  8818 | Elf:3    | Noticed a deep elf demonologist
  8822 | Elf:3    | Killed a deep elf demonologist
  8827 | Elf:3    | Reached skill level 17 in Axes
  8828 | Elf:3    | Noticed a deep elf annihilator
  8841 | Elf:3    | Killed a deep elf annihilator
  8842 | Elf:3    | Noticed a deep elf blademaster
  8851 | Elf:3    | Killed a deep elf blademaster
  8882 | Elf:3    | Noticed a deep elf annihilator
  8899 | Elf:3    | Killed a deep elf annihilator
  8900 | Elf:3    | Noticed a deep elf sorcerer
  8907 | Elf:3    | Killed a deep elf sorcerer
  8910 | Elf:3    | Got a dazzling falchion
  8983 | Elf:3    | Mangled by a large abomination

Action                   |  1- 3 |  4- 6 |  7- 9 | 10-12 | 13-15 || total
-------------------------+-------+-------+-------+-------+-------++-------
Melee: Hand axe          |    67 |   149 |   276 |       |       ||   492
       Battleaxe         |       |       |    19 |   628 |   549 ||  1196
 Abil: Evoke Berserk Rag |       |       |     4 |     3 |     5 ||    12
Evoke: Wand              |       |     1 |     4 |    12 |    16 ||    33
  Use: Potion            |     2 |       |     1 |       |     5 ||     8
       Scroll            |       |     6 |    11 |    17 |     8 ||    42
